 Dungeon Crawl Stone Soup version 0.24-a0-530-g18ba70b503 (webtiles) character file.

Game seed: 12587663571209333897

44 DasRunzen the Skirmisher (level 3, -1/29 HPs)
             Began as a Demonspawn Fighter on Aug 8, 2019.
             Killed by divine providence
             ... invoked by an orc priest
              (15 damage)
             ... on level 3 of the Dungeon.
             The game lasted 00:01:54 (1127 turns).

DasRunzen the Skirmisher (Demonspawn Fighter)       Turns: 1127, Time: 00:01:55

Health: -1/29      AC:  6    Str: 16    XL:     3   Next: 41%
Magic:  2/2        EV:  7    Int:  9    God:
Gold:   57         SH:  9    Dex: 13    Spells: 2/2 levels left

rFire    . . .     SeeInvis .   h - +2 spear (venom)
rCold    . . .     Gourm    .   c - +0 shield
rNeg     . . .     Faith    .   b - +0 scale mail
rPois    .         Spirit   .   (no helmet)
rElec    .         Reflect  .   (no cloak)
rCorr    .         Harm     .   (no gloves)
MR       .....                  (no boots)
Stlth    ..........             (no amulet)
HPRegen  0.09/turn              (no ring)
MPRegen  0.08/turn              (no ring)

@: no status effects
A: talons 2, low mp 1, sturdy frame 1
a: no special abilities


You were on level 3 of the Dungeon.
You were hungry.

You visited 1 branch of the dungeon, and saw 3 of its levels.

You collected 57 gold pieces.

Inventory:

Hand Weapons
 a - a +0 war axe
 h - a +2 spear of venom (weapon)
Armour
 b - a +0 scale mail (worn)
 c - a +0 shield (worn)
Scrolls
 e - a scroll of noise {unknown}
 g - 2 scrolls of identify
Potions
 d - a potion of might
 i - a potion of agility {unknown}
Comestibles
 f - 3 rations


   Skills:
 + Level 3.4 Fighting
 + Level 2.2(2.3) Axes
 + Level 0.2(1.3) Polearms
 + Level 3.1 Armour
 + Level 3.0 Shields


You had 2 spell levels left.
You didn't know any spells.
Your spell library was empty.

Dungeon Overview and Level Annotations

Branches:
Dungeon (2/15)

Altars:


Innate Abilities, Weirdness & Mutations

You have razor-sharp toenails.
Your movements are slightly less encumbered by armour. (ER -2)
Your magical capacity is low. (-10% MP)


Message History

Your shield and scale mail prevent you from hitting the orc priest.
You claw the orc priest!
The orc priest is heavily wounded.
The orc priest mumbles some strange prayers to Beogh against you.
Beogh smites you! You block the orc wizard's attack.
You hit the orc priest but do no damage.
The orc priest is poisoned.
Your kick misses the orc priest.
The orc priest is heavily wounded.
The orc priest hits you with a +0 hand axe.
The orc wizard gestures at you while chanting.
You block the puff of flame. The orc wizard barely misses you.
You are too injured to fight recklessly!
You are too injured to fight recklessly!
You are too injured to fight recklessly!
The orc wizard casts a spell at you. The puff of flame misses you.
The orc priest calls down the wrath of Beogh upon you.
Beogh smites you!
Ouch! That really hurt!
You die...

. ....## #. .....
#.##...# #.#%..#
##.o..#
#..#.#.#o#o#####
#.....).o......#
#..##.##.#.###.#
#.....##@#.#
#.#.#
...........#
#.#.#
##.#####...#
#.#.# #
#...###.#.###.#
#................
##..###.#.####.#
.....###........#
#
####......†.....#
# ######.#.###.#
#


You could see an orc priest, 2 orc wizards and an orc.

Vanquished Creatures
  A dart slug (D:1)
  An orc (D:3)
  4 giant cockroaches (D:1)
  4 goblins
  8 hobgoblins
  8 bats
  4 frilled lizards (D:1)
  6 kobolds
  3 rats
39 creatures vanquished.

Notes
Turn   | Place    | Note
-------+----------+-------------------------------------------
     0 | D:1      | DasRunzen the Demonspawn Fighter began the quest for the
                  | Orb.
     0 | D:1      | Reached XP level 1. HP: 18/18 MP: 1/1
   159 | D:1      | Gained mutation: You have sharp toenails. [demonic
                  | ancestry]
   159 | D:1      | Reached XP level 2. HP: 21/24 MP: 2/2
   504 | D:1      | Gained mutation: Your movements are slightly less
                  | encumbered by armour. (ER -2) [demonic ancestry]
   504 | D:1      | Reached XP level 3. HP: 24/29 MP: 3/3
   873 | D:1      | Gained mutation: Your magical capacity is low. (-10% MP)
                  | [potion of mutation]
   873 | D:1      | Gained mutation: You have razor-sharp toenails. [potion of
                  | mutation]
   937 | D:2      | You fall into a shaft and drop 1 floor!
  1018 | D:3      | Found a faded altar of an unknown god.
  1127 | D:3      | Killed from afar by an orc priest

Levels and vault maps discovered:
D:1:      dpeg_arrival_erosion, layout_basic, minmay_liquid_box
D:2:      layout_basic, serial_forest, infiniplex_forest_end_2,
          infiniplex_forest_lined_room_3, infiniplex_forest_clump_diagonal,
          infiniplex_forest_clump_cross, infiniplex_forest_clump_tiny,
          infiniplex_forest_end_2, infiniplex_forest_clump_tiny,
          infiniplex_forest_clump_diagonal, uniq_robin
D:3:      layout_loops_ring, lemuel_crystal_altar, first_ration,
          chequers_ecumenical_altar_grove

Skill      XL: |  1  2 |
---------------+-------+-----
Axes           | 2 |  2.2
Armour         | 3 |  3.1
Shields        | 3 |  3.0
Fighting       | |  3.4
Polearms       | |  0.2

Action                   || total
-------------------------++-------
Melee: War axe           ||    79
       Kick              ||    11
       Spear             ||    24
  Use: Scroll            ||     4
       Potion            ||     1
 Stab: Distracted        ||     1
Armor: Scale mail        ||    50
Dodge: Dodged            ||    36
Block: Shield            ||    60

Table legend:
 A = Non-vault XP
 B = Vault XP
 C = Vault XP percentage of total XP
 D = Non-vault monster count
 E = Vault monster count
 F = Vault count percentage of total count
                 A         B        C        D         E       F
            +---------+---------+-------+---------+---------+-------
      Total |      64 |       0 |   0.0 |      39 |       0 |   0.0
            +---------+---------+-------+---------+---------+-------
        D:1 |      46 |       0 |   0.0 |      29 |       0 |   0.0
        D:2 |       5 |       0 |   0.0 |       3 |       0 |   0.0
        D:3 |      13 |       0 |   0.0 |       7 |       0 |   0.0
            +---------+---------+-------+---------+---------+-------
